 Dungeon Crawl Stone Soup version 0.26-a0-188-ga22346179c (webtiles) character file.

Game seed: 4674874136712926766

602 BritishOli the Slasher (level 7, -17/53 HPs)
             Began as a Demonspawn Gladiator on July 4, 2020.
             Splashed by Ijyb's acid (19 damage)
             ... on level 3 of the Dungeon.
             The game lasted 00:03:02 (3102 turns).

BritishOli the Slasher (Demonspawn Gladiator)       Turns: 3102, Time: 00:03:06

Health: -17/53     AC:  7    Str: 16    XL:     7   Next: 18%
Magic:  0/7        EV: 11    Int: 10    God:
Gold:   117        SH:  0    Dex: 14    Spells: 6/6 levels left

rFire    + . .     SeeInvis .   a - +0 long sword
rCold    + . .     Faith    .   (no shield)
rNeg     . . .     Spirit   +   m - +0 scale mail
rPois    .         Reflect  .   q - +0 helmet "Zoss" {Harm rF+ rC+}
rElec    .         Harm     +   g - +0 cloak
rCorr    .                      (no gloves)
MR       .....                  (no boots)
Stlth    ..........             (no amulet)
HPRegen  0.17/turn              (no ring)
MPRegen  0.10/turn              (no ring)

@: about to teleport, corroded, stab
A: slimy green scales 1, magic shield
a: no special abilities


You were on level 3 of the Dungeon.
You were not hungry.

You visited 1 branch of the dungeon, and saw 3 of its levels.

You collected 117 gold pieces.

Inventory:

Hand Weapons
 a - a +0 long sword (weapon)
Missiles
 d - 3 throwing nets (quivered)
Armour
 c - a +0 helmet
 g - a +0 cloak (worn)
 m - a +0 scale mail (worn)
 q - the +0 helmet "Zoss" (worn) {Harm rF+ rC+}
   (You took it off Robin on level 3 of the Dungeon)

   It protects you from fire.
   It protects you from cold.
   It increases damage dealt and taken.
Scrolls
 j - 5 scrolls of identify {unknown}
 l - a scroll of fear {unknown}
 p - a scroll of fog {unknown}
Potions
 e - a potion of stabbing
 i - a potion of invisibility {unknown}
 k - a potion of brilliance {unknown}
 n - a potion of haste {unknown}
 o - a potion of lignification {unknown}
 r - a potion of curing {unknown}
Comestibles
 f - 3 rations


   Skills:
 + Level 3.8 Fighting
 * Level 4.4 Long Blades
 - Level 2.4 Throwing
 * Level 3.8 Armour
 - Level 4.0 Dodging


You had 6 spell levels left.
You didn't know any spells.
Your spell library was empty.

Dungeon Overview and Level Annotations

Branches:
Dungeon (3/15)

Altars:
Ashenzari
Kikubaaqudgha

Annotations:
D:3 Ijyb


Innate Abilities, Weirdness & Mutations

You are partially covered in slimy green scales. (AC +2)
When hurt, damage is shared between your health and your magic reserves.


Message History

Unknown command.
You are too injured to fight recklessly!
You barely miss Ijyb. Ijyb hits you but does no damage.
You closely miss Ijyb. Ijyb hits you but does no damage.
You hit Ijyb.
Ijyb is lightly wounded.
Ijyb zaps a wand.
The bolt of acid hits you!
* * * LOW HITPOINT WARNING * * *
The acid corrodes you!
You are splashed with acid!
* * * LOW HITPOINT WARNING * * *
It was a potion of stabbing.
You feel ready to backstab. Ijyb hits you but does no damage.
As you read the scroll labeled CYMAOT ASIU, it crumbles to dust.
You feel strangely unstable.
It was a scroll of teleportation.
Ijyb screams, "Me very upset!"
Ijyb zaps a wand.
The bolt of acid hits you but does no damage.
You are splashed with acid!
You die...

.^..# #..#
....# #..#
....#
#..######
.(..##
#.......#
.....##
#.#####.#
......# ....
#.#
.#########.#
#.# .# ##>##
#. #.# .#
8...8##. #@#
.##.....##.
#g#
##_....._#
#.#
##.....##
#.# #8...8#
#.# #.# #.#
..#


You could see Ijyb.

Vanquished Creatures
  Grinder (D:3)
  Sigmund (D:3)
  A bullfrog zombie (D:3)
  Crazy Yiuf (D:2)
  Natasha (thrice) (D:2)
  Robin (D:3)
  2 adders (D:2)
  3 worms
  4 dart slugs
  6 leopard geckos
  6 giant cockroaches
  12 goblins
  6 hobgoblins
  3 kobolds
  4 quokkas
  5 bats
  4 frilled lizards
  4 rats
67 creatures vanquished.

Notes
Turn   | Place    | Note
-------+----------+-------------------------------------------
     0 | D:1      | BritishOli the Demonspawn Gladiator began the quest for the
                  | Orb.
     0 | D:1      | Reached XP level 1. HP: 16/16 MP: 1/1
   166 | D:1      | Gained mutation: You are partially covered in slimy green
                  | scales. (AC +2) [demonic ancestry]
   166 | D:1      | Reached XP level 2. HP: 16/22 MP: 2/2
   965 | D:2      | Reached XP level 3. HP: 28/28 MP: 3/3
   972 | D:2      | Reached skill level 1 in Armour
  1151 | D:2      | Found a faded altar of an unknown god.
  1191 | D:2      | Noticed Natasha
  1198 | D:2      | Killed Natasha
  1198 | D:2      | Reached XP level 4. HP: 31/34 MP: 4/4
  1359 | D:2      | Found a runed translucent door.
  1360 | D:2      | Noticed Crazy Yiuf
  1392 | D:2      | Noticed Natasha
  1403 | D:2      | Killed Natasha
  1492 | D:2      | Noticed Natasha
  1509 | D:2      | Killed Natasha
  1883 | D:2      | Reached XP level 5. HP: 40/40 MP: 5/5
  2166 | D:2      | Killed Crazy Yiuf
  2310 | D:3      | Identified the +0 helmet "Zoss" {Harm rF+ rC+}
  2310 | D:3      | Noticed Robin
  2343 | D:3      | Killed Robin
  2764 | D:3      | Noticed Sigmund
  2776 | D:3      | Killed Sigmund
  2776 | D:3      | Gained mutation: When hurt, damage is shared between your
                  | health and your magic reserves. [demonic ancestry]
  2776 | D:3      | Reached XP level 6. HP: 45/47 MP: 6/6
  2811 | D:3      | Found a shattered altar of Ashenzari.
  2814 | D:3      | Found an ancient bone altar of Kikubaaqudgha.
  2853 | D:3      | Noticed Grinder
  2859 | D:3      | Paralysed by Grinder for 2 turns
  2871 | D:3      | Killed Grinder
  2871 | D:3      | Reached XP level 7. HP: 15/53 MP: 2/7
  3093 | D:3      | Noticed Ijyb
  3100 | D:3      | HP: 1/53 [acid (11)]
  3102 | D:3      | Splashed by Ijyb's acid

Illustrated notes

Levels and vault maps discovered:
D:1:      dpeg_arrival_tiny_a, layout_basic
D:2:      layout_loops_ring, first_ration, chequers_ecumenical_altar_simple,
          uniq_crazy_yiuf_cottage, uniq_natasha
D:3:      layout_basic, nicolae_overflow_hidden_temple, trog_wizard,
          uniq_grinder, uniq_robin, uniq_sigmund, uniq_ijyb

Skill      XL: |  1  2  3  4  5  6 |
---------------+-------------------+-----
Throwing       | 2 |  2.4
Long Blades    | 3 4 |  4.4
Armour         | 1 2 3 |  3.8
Dodging        | 3 4 |  4.0
Fighting       | 3 |  3.8

Action                   |  1- 3 |  4- 6 |  7- 9 || total
-------------------------+-------+-------+-------++-------
Melee: Long sword        |    73 |   159 |     4 ||   236
  Use: Scroll            |       |       |     1 ||     1
       Potion            |       |       |     1 ||     1
  Eat: Chunk             |     1 |     6 |       ||     7
Armor: Leather armour    |    29 |     1 |       ||    30
       Scale mail        |       |    70 |     3 ||    73
Dodge: Dodged            |    53 |    99 |       ||   152
       Rpst.: Long sword |    15 |    26 |       ||    41

Table legend:
 A = Non-vault XP
 B = Vault XP
 C = Vault XP percentage of total XP
 D = Non-vault monster count
 E = Vault monster count
 F = Vault count percentage of total count
                 A         B        C        D         E       F
            +---------+---------+-------+---------+---------+-------
      Total |     250 |     611 |  71.0 |      51 |      16 |  23.9
            +---------+---------+-------+---------+---------+-------
        D:1 |      35 |       0 |   0.0 |      17 |       0 |   0.0
        D:2 |     134 |      77 |  36.5 |      20 |       2 |   9.1
        D:3 |      81 |     534 |  86.8 |      14 |      14 |  50.0
            +---------+---------+-------+---------+---------+-------
